3R
HICKSVILLE HOUNDS @ GREENPORT HARBOR WHALES
08/12/2037
 
TOP OF THE 1ST
Hicksville Hounds batting - Pitching for Greenport Harbor Whales : RHP Javier Soto
Pitching: RHP Javier Soto
Batting: RHB Adam Black 0-0: Ball
1-0: Ball
2-0: Fly out, F8 (Flyball, 8LD, EV 94.4 MPH)
Batting: LHB Robbie Care 0-0: Ball
1-0: Ball
2-0: Foul Ball, location: 2F
2-1: Swinging Strike
2-2: Strikes out looking
Batting: SHB Paul Wood 0-0: Ball
1-0: Foul Ball, location: 2F
1-1: Ball
2-1: SINGLE (Line Drive, 34, EV 100.0 MPH)
Batting: RHB Aloysius Szymanski 0-0: Ball
1-0: Ball
2-0: SINGLE (Line Drive, 7LS, EV 114.4 MPH)
Paul Wood to second
Batting: LHB Trent Armstrong 0-0: Ball
1-0: Called Strike
1-1: Called Strike
1-2: Ball
2-2: Ball
3-2: SINGLE (Line Drive, 7LS, EV 101.9 MPH)
Paul Wood to third
Aloysius Szymanski to second
Paul Wood scores
Aloysius Szymanski to third
Batting: SHB Juan Alonso 0-0: Called Strike
0-1: Ball
1-1: Swinging Strike
1-2: Ball
2-2: Foul Ball, location: 2F
2-2: DOUBLE (Flyball, 8LXD, EV 100.0 MPH)
Aloysius Szymanski scores
Trent Armstrong to third
Pinch Runner at 2nd Hiroshige Yamada:
Batting: RHB Rafael Briones 0-0: Foul Ball, location: 2F
0-1: Ball
1-1: Foul Ball, location: 2F
1-2: Foul Ball, location: 2F
1-2: Foul Ball, location: 2F
1-2: Strikes out swinging
Top of the 1st over - 2 runs, 4 hits, 0 errors, 2 left on base; Hicksville 2 - Greenport 0
BOTTOM OF THE 1ST
Greenport Harbor Whales batting - Pitching for Hicksville Hounds : RHP Glenn Underwood
Pitching: RHP Glenn Underwood
Batting: SHB Germán López 0-0: Ball
1-0: Ball
2-0: Ball
3-0: Called Strike
3-1: Fly out, F9 (Flyball, 89S, EV 89.4 MPH)
Batting: LHB Kyung-ryul Kim 0-0: Ball
1-0: SINGLE (Line Drive, 5D, EV 95.0 MPH)
Batting: RHB Vinnie Nuyten 0-0: Called Strike
0-1: Fielders Choice at 2nd, 5-4 (Groundball, 56, EV 86.9 MPH)
Batting: RHB Román Espinoza 0-0: Ball
Vinnie Nuyten is caught stealing 2nd base 2-4
Bottom of the 1st over - 0 runs, 1 hit, 0 errors, 0 left on base; Hicksville 2 - Greenport 0
TOP OF THE 2ND
Hicksville Hounds batting - Pitching for Greenport Harbor Whales : RHP Javier Soto
Batting: RHB Francisco Sabuero 0-0: Ball
1-0: Swinging Strike
1-1: Foul Ball, location: 2F
1-2: Ball
2-2: Fly out, F4 (Popup, 34, EV 65.6 MPH)
Batting: RHB Bob Sims 0-0: Foul Ball, location: 2F
0-1: Ground out 6-3 (Groundball, 6, EV 81.2 MPH)
Batting: RHB Adam Black 0-0: Called Strike
0-1: Ball
1-1: Ball
2-1: SINGLE (Line Drive, 78S, EV 108.8 MPH)
Batting: LHB Robbie Care 0-0: Ball
1-0: Ball
2-0: Called Strike
2-1: Foul Ball, location: 2F
2-2: Foul Ball, location: 2F
2-2: Fly out, F7 (Flyball, 7S, EV 87.5 MPH)
Top of the 2nd over - 0 runs, 1 hit, 0 errors, 1 left on base; Hicksville 2 - Greenport 0
BOTTOM OF THE 2ND
Greenport Harbor Whales batting - Pitching for Hicksville Hounds : RHP Glenn Underwood
Batting: RHB Román Espinoza 0-0: Ball
1-0: SINGLE (Groundball, 56D, EV 100.0 MPH)
Batting: RHB Travis Miller 0-0: SINGLE (Flyball, 8RS, EV 95.0 MPH)
Román Espinoza to second
Batting: RHB Jerry Simmons 0-0: Foul Ball, location: 2F
0-1: Foul Ball, location: 2F
0-2: Foul Ball, location: 2F
0-2: Strikes out looking
Batting: RHB Wessel Dekkers 0-0: Ball
1-0: Grounds into double play, 5-4-3 (Groundball, 5, EV 98.1 MPH)
Bottom of the 2nd over - 0 runs, 2 hits, 0 errors, 1 left on base; Hicksville 2 - Greenport 0
TOP OF THE 3RD
Hicksville Hounds batting - Pitching for Greenport Harbor Whales : RHP Javier Soto
Batting: SHB Paul Wood 0-0: Ball
1-0: Called Strike
1-1: Foul Ball, location: 2F
1-2: Foul Ball, location: 2F
1-2: Foul Ball, location: 2F
1-2: Ball
2-2: Fly out, F8 (Line Drive, 8RM, EV 99.4 MPH)
Batting: RHB Aloysius Szymanski 0-0: Ball
1-0: Ball
2-0: Ball
3-0: Base on Balls
Batting: LHB Trent Armstrong 0-0: Ball
1-0: Ball
2-0: Fly out, F8 (Flyball, 8LXD, EV 95.0 MPH)
Batting: RHB Hiroshige Yamada 0-0: Called Strike
0-1: Swinging Strike
0-2: Ball
1-2: Ball
2-2: Foul Ball, location: 2F
2-2: Ball
3-2: Fly out, F8 (Line Drive, 8LD, EV 98.8 MPH)
Top of the 3rd over - 0 runs, 0 hits, 0 errors, 1 left on base; Hicksville 2 - Greenport 0
BOTTOM OF THE 3RD
Greenport Harbor Whales batting - Pitching for Hicksville Hounds : RHP Glenn Underwood
Batting: RHB Kuan Pi 0-0: Foul Ball, location: 2F
0-1: Ball
1-1: Foul Ball, location: 2F
1-2: Foul Ball, location: 2F
1-2: Ball
2-2: Fly out, F7 (Flyball, 7LM, EV 95.6 MPH)
Batting: RHB John Ratzlaff 0-0: Ball
1-0: Called Strike
1-1: Foul Ball, location: 2F
1-2: Fly out, F9 (Flyball, 9LMF, EV 90.0 MPH)
Batting: SHB Germán López 0-0: Ball
1-0: Ball
2-0: Ball
3-0: Called Strike
3-1: Foul Ball, location: 2F
3-2: Ground out 4-3 (Groundball, 4D, EV 83.8 MPH)
Bottom of the 3rd over - 0 runs, 0 hits, 0 errors, 0 left on base; Hicksville 2 - Greenport 0
TOP OF THE 4TH
Hicksville Hounds batting - Pitching for Greenport Harbor Whales : RHP Javier Soto
Batting: RHB Rafael Briones 0-0: Foul Ball, location: 2F
0-1: Foul Ball, location: 2F
0-2: Ball
1-2: Strikes out swinging
Batting: RHB Francisco Sabuero 0-0: Ball
1-0: Called Strike
1-1: Ball
2-1: Foul Ball, location: 2F
2-2: Ball
3-2: Strikes out swinging
Batting: RHB Bob Sims 0-0: Ball
1-0: Called Strike
1-1: Foul Ball, location: 2F
1-2: Reached on error, E4 (Groundball, 4, EV 81.9 MPH)
Batting: RHB Adam Black 0-0: Called Strike
0-1: Foul Ball, location: 2F
0-2: Ball
1-2: Ball
2-2: Ball
3-2: Foul Ball, location: 2F
3-2: Base on Balls
Batting: LHB Robbie Care 0-0: Ball
1-0: Ball
2-0: Foul Ball, location: 2F
2-1: Ball
3-1: Base on Balls
Bob Sims to third
Adam Black to second
Batting: SHB Paul Wood 0-0: Foul Ball, location: 2F
0-1: Foul Ball, location: 2F
0-2: Ball
1-2: Ball
2-2: Strikes out swinging
Top of the 4th over - 0 runs, 0 hits, 1 error, 3 left on base; Hicksville 2 - Greenport 0
BOTTOM OF THE 4TH
Greenport Harbor Whales batting - Pitching for Hicksville Hounds : RHP Glenn Underwood
Batting: LHB Kyung-ryul Kim 0-0: Called Strike
0-1: Ball
1-1: Called Strike
1-2: Foul Ball, location: 2F
1-2: Ball
2-2: Ball
3-2: Fly out, F8 (Flyball, 78M, EV 92.5 MPH)
Batting: RHB Vinnie Nuyten 0-0: DOUBLE (Line Drive, 7LM, EV 111.2 MPH)
Batting: RHB Román Espinoza 0-0: Fly out, F7 (Flyball, 7S, EV 89.4 MPH)
Batting: RHB Travis Miller 0-0: Swinging Strike
0-1: Ball
1-1: Foul Ball, location: 2F
1-2: Ball
2-2: Ball
3-2: Reached on error, E3 (Groundball, 34, EV 85.0 MPH)
Vinnie Nuyten to third
Batting: RHB Jerry Simmons 0-0: Ball
1-0: SINGLE (Groundball, 6MD, EV 103.8 MPH)
Vinnie Nuyten scores
Travis Miller to second
Batting: RHB Wessel Dekkers 0-0: Called Strike
0-1: Ball
1-1: Ball
2-1: Ball
3-1: Fly out, F9 (Flyball, 9S, EV 86.9 MPH)
Bottom of the 4th over - 1 run, 2 hits, 1 error, 2 left on base; Hicksville 2 - Greenport 1
TOP OF THE 5TH
Hicksville Hounds batting - Pitching for Greenport Harbor Whales : RHP Javier Soto
Batting: RHB Aloysius Szymanski 0-0: SINGLE (Flyball, 3D, EV 93.1 MPH)
Batting: LHB Trent Armstrong 0-0: Swinging Strike
0-1: Swinging Strike
0-2: Foul Ball, location: 2F
0-2: Foul Ball, location: 2F
0-2: Strikes out swinging
Batting: RHB Hiroshige Yamada 0-0: SINGLE (Groundball, 4MD, EV 109.4 MPH)
Aloysius Szymanski to second
Throwing error, E8
Aloysius Szymanski scores
Hiroshige Yamada to second
Batting: RHB Rafael Briones 0-0: Called Strike
0-1: Ball
1-1: Ball
2-1: Ball
3-1: Fly out, F8 (Flyball, 8RXD, EV 90.0 MPH)
Runner from 2nd tags up, SAFE at 3rd, no throw by CF
Batting: RHB Francisco Sabuero 0-0: Foul Ball, location: 2F
0-1: Called Strike
0-2: Ball
1-2: Strikes out looking
Top of the 5th over - 1 run, 2 hits, 1 error, 1 left on base; Hicksville 3 - Greenport 1
BOTTOM OF THE 5TH
Greenport Harbor Whales batting - Pitching for Hicksville Hounds : RHP Glenn Underwood
Batting: RHB Kuan Pi 0-0: Ball
1-0: SINGLE (Line Drive, 7LM, EV 103.8 MPH)
Batting: RHB John Ratzlaff 0-0: Ball
1-0: Bunted foul
1-1: Sac Bunt to 13 - play at first, batter OUT! 1-4
Kuan Pi to second
Batting: SHB Germán López 0-0: Foul Ball, location: 2F
0-1: Called Strike
0-2: Ball
1-2: Foul Ball, location: 2F
1-2: Foul Ball, location: 2F
1-2: Fly out, F9 (Flyball, 9, EV 86.2 MPH)
Batting: LHB Kyung-ryul Kim 0-0: Swinging Strike
0-1: Ball
1-1: Ball
2-1: Swinging Strike
2-2: SINGLE (Line Drive, 8LS, EV 105.6 MPH)
Kuan Pi to third
Batting: RHB Vinnie Nuyten 0-0: Ball
1-0: Called Strike
Kyung-ryul Kim steals 2nd base
1-1: Ball
2-1: Ball
3-1: Foul Ball, location: 2F
3-2: Base on Balls
Batting: RHB Román Espinoza 0-0: Ground out 4-3 (Groundball, 4M, EV 85.6 MPH)
Bottom of the 5th over - 0 runs, 2 hits, 0 errors, 3 left on base; Hicksville 3 - Greenport 1
TOP OF THE 6TH
Hicksville Hounds batting - Pitching for Greenport Harbor Whales : RHP Javier Soto
Batting: RHB Bob Sims 0-0: SINGLE (Groundball, 34D, EV 103.1 MPH)
Batting: RHB Adam Black 0-0: Sac Bunt to 25 - play at first, batter safe!
Bob Sims to second
Batting: LHB Robbie Care 0-0: Ball
1-0: Ball
2-0: Sac Bunt to P - play at first, batter OUT! 1-4
Bob Sims to third
Adam Black to second
Batting: SHB Paul Wood 0-0: Intentional Walk
Batting: RHB Aloysius Szymanski 0-0: Foul Ball, location: 2F
0-1: Fly out, F9 (Flyball, 9S, EV 86.9 MPH)
Batting: LHB Trent Armstrong 0-0: Called Strike
0-1: Foul Ball, location: 2F
0-2: Ball
1-2: Strikes out swinging
Top of the 6th over - 0 runs, 2 hits, 0 errors, 3 left on base; Hicksville 3 - Greenport 1
BOTTOM OF THE 6TH
Greenport Harbor Whales batting - Pitching for Hicksville Hounds : RHP Glenn Underwood
Pitching: RHP Don Murray
Batting: RHB Travis Miller 0-0: Ball
1-0: Swinging Strike
1-1: Ball
2-1: Called Strike
2-2: Strikes out swinging
Batting: RHB Jerry Simmons 0-0: Called Strike
0-1: Ball
1-1: Called Strike
1-2: Ball
2-2: Foul Ball, location: 2F
2-2: Ball
3-2: Ground out 6-3 (Groundball, 6, EV 80.6 MPH)
Batting: RHB Wessel Dekkers 0-0: Called Strike
0-1: Swinging Strike
0-2: Ball
1-2: Fly out, F8 (Flyball, 8LXD, EV 83.8 MPH)
Bottom of the 6th over - 0 runs, 0 hits, 0 errors, 0 left on base; Hicksville 3 - Greenport 1
TOP OF THE 7TH
Hicksville Hounds batting - Pitching for Greenport Harbor Whales : RHP Javier Soto
Batting: RHB Hiroshige Yamada 0-0: Ball
1-0: Ball
2-0: Called Strike
2-1: Ball
3-1: Swinging Strike
3-2: SINGLE (Groundball, 4D, EV 108.1 MPH)
Batting: RHB Rafael Briones 0-0: Bunted foul
0-1: Sac Bunt to 13S - play at first, batter OUT! 1-4
Hiroshige Yamada to second
Batting: RHB Francisco Sabuero 0-0: Intentional Walk
Batting: RHB Bob Sims 0-0: Ball
1-0: Ball
2-0: Ball
3-0: Base on Balls
Hiroshige Yamada to third
Francisco Sabuero to second
Batting: RHB Adam Black 0-0: Called Strike
0-1: Foul Ball, location: 2F
0-2: Strikes out swinging
Batting: LHB Robbie Care 0-0: Swinging Strike
0-1: Foul Ball, location: 2F
0-2: Ball
1-2: Foul Ball, location: 2F
1-2: Ball
2-2: Foul Ball, location: 2F
2-2: Fielders Choice at 2nd, 6-4 (Groundball, 6, EV 102.5 MPH)
Top of the 7th over - 0 runs, 1 hit, 0 errors, 3 left on base; Hicksville 3 - Greenport 1
BOTTOM OF THE 7TH
Greenport Harbor Whales batting - Pitching for Hicksville Hounds : RHP Don Murray
Batting: RHB Kuan Pi 0-0: Called Strike
0-1: Ground out 4-3 (Groundball, 4, EV 87.5 MPH)
Batting: RHB John Ratzlaff 0-0: Ball
1-0: Called Strike
1-1: Called Strike
1-2: Ball
2-2: Ball
3-2: Strikes out looking
Batting: SHB Germán López 0-0: Called Strike
0-1: Ball
1-1: Ball
2-1: Foul Ball, location: 2F
2-2: Ball
3-2: Base on Balls
Batting: LHB Kyung-ryul Kim 0-0: Ball
1-0: Ball
2-0: Ball
3-0: Called Strike
3-1: Base on Balls
Germán López to second
Batting: RHB Vinnie Nuyten 0-0: 3-RUN HOME RUN (Flyball, 7LD, EV 100.6 MPH), Distance : 348 ft
Pitching: RHP José Reyes
Batting: RHB Román Espinoza 0-0: Ground out 4-3 (Groundball, 4M, EV 105.6 MPH)
Bottom of the 7th over - 3 runs, 1 hit, 0 errors, 0 left on base; Hicksville 3 - Greenport 4
TOP OF THE 8TH
Hicksville Hounds batting - Pitching for Greenport Harbor Whales : RHP Javier Soto
Pitching: RHP Bernardino Condeixa
Batting: SHB Paul Wood 0-0: Fly out, F9 (Flyball, 9D, EV 83.1 MPH)
Batting: RHB Aloysius Szymanski 0-0: Ball
1-0: Called Strike
1-1: Ball
2-1: Foul Ball, location: 2F
2-2: Foul Ball, location: 2F
2-2: Strikes out looking
Batting: LHB Trent Armstrong 0-0: Swinging Strike
0-1: Foul Ball, location: 2F
0-2: SINGLE (Line Drive, 7LS, EV 89.4 MPH)
Batting: RHB Hiroshige Yamada 0-0: Ball
1-0: Ball
2-0: Called Strike
2-1: Ball
3-1: Foul Ball, location: 2F
3-2: Strikes out looking
Top of the 8th over - 0 runs, 1 hit, 0 errors, 1 left on base; Hicksville 3 - Greenport 4
BOTTOM OF THE 8TH
Greenport Harbor Whales batting - Pitching for Hicksville Hounds : RHP José Reyes
Batting: RHB Travis Miller 0-0: Fly out, F5 (Line Drive, 5, EV 67.5 MPH)
Batting: RHB Jerry Simmons 0-0: Ground out 4-3 (Groundball, 4, EV 80.0 MPH)
Batting: RHB Wessel Dekkers 0-0: Called Strike
0-1: Ball
1-1: Foul Ball, location: 2F
1-2: Ball
2-2: Foul Ball, location: 2F
2-2: Foul Ball, location: 2F
2-2: Ball
3-2: Foul Ball, location: 2F
3-2: Foul Ball, location: 2F
3-2: Base on Balls
Batting: RHB Kuan Pi 0-0: Called Strike
0-1: Ball
1-1: Ball
Passed Ball!
Wessel Dekkers to second
2-1: Intentional Walk
Batting: RHB John Ratzlaff 0-0: Ball
1-0: Ball
2-0: Ball
3-0: Base on Balls
Wessel Dekkers to third
Kuan Pi to second
Batting: SHB Germán López 0-0: Called Strike
0-1: Foul Ball, location: 2F
0-2: Ball
1-2: Fielders Choice at 2nd, 6-4 (Groundball, 6, EV 105.0 MPH)
Bottom of the 8th over - 0 runs, 0 hits, 0 errors, 3 left on base; Hicksville 3 - Greenport 4
TOP OF THE 9TH
Hicksville Hounds batting - Pitching for Greenport Harbor Whales : RHP Bernardino Condeixa
Pinch Hitting: RHB Michael Richardson 0-0: Called Strike
0-1: Foul Ball, location: 2F
0-2: Ball
1-2: Ground out 4-3 (Groundball, 4M, EV 86.2 MPH)
Pitching: RHP Luis Medina
Pinch Hitting: RHB Luther H. Greene 0-0: Called Strike
0-1: Foul Ball, location: 2F
0-2: Ball
1-2: Strikes out swinging
Pinch Hitting: RHB Ernesto Sosa 0-0: Called Strike
0-1: Swinging Strike
0-2: Strikes out looking
Top of the 9th over - 0 runs, 0 hits, 0 errors, 0 left on base; Hicksville 3 - Greenport 4
Thursday, January 23rd, 2020 - OOTP Baseball 20.8 Build 74